 Dungeon Crawl Stone Soup version 0.17-a0-1497-g03599f7 (webtiles) character file.

42 Parakulo the Insei (level 3, -1/23 HPs)
             Began as an Octopode Transmuter on July 6, 2015.
             Killed from afar by a kobold (15 damage)
             ... with a wand of flame
             ... on level 3 of the Dungeon.
             The game lasted 00:05:42 (1699 turns).

Parakulo the Insei (Octopode Transmuter)            Turns: 1699, Time: 00:05:44

Health: -1/23      AC:  1    Str:  9    XL:     3   Next: 56%
Magic:  5/6        EV: 12    Int: 15    God:
Gold:   69         SH:  0    Dex: 13    Spells: 1 memorised, 6 levels left

rFire  . . .     SeeInvis .       - Unarmed
rCold  . . .     Rnd*Rage +     (no shield)
rNeg   . . .     SustAt   .     (helmet restricted)
rPois  .         Gourm    .     (no amulet)
rElec  .         Spirit   .     (no ring)
rCorr  .         Warding  .     (no ring)
rMut   .         Stasis   .     (no ring)
MR     .....                    (no ring)
Stlth  ++........               (no ring)
                                (no ring)
                                (no ring)
                                (no ring)

@: appendage, not resistant to hostile enchantments, unstealthy
A: almost no armour, amphibious, 8 rings, constrict 8, tentacle spike 3,
camouflage 1, berserk 1, mutation resistance 1, gelatinous body 1
a: End Transformation


You were on level 3 of the Dungeon.
You were not hungry.
One of your tentacles had a temporary spike.
You visited 1 branch of the dungeon, and saw 3 of its levels.

You collected 69 gold pieces.

Inventory:

Missiles
 a - 12 arrows
 f - 5 tomahawks (quivered)
Scrolls
 g - a scroll of identify {unknown}
 l - a scroll of remove curse
Potions
 k - 2 potions of might
Books
 b - a book of Changes

   Spells                             Type                      Level
   a - Beastly Appendage              Transmutation                1
   b - Sticks to Snakes               Transmutation                2
   c - Spider Form                    Transmutation/Poison         3
   d - Ice Form                       Ice/Transmutation            4
   e - Blade Hands                    Transmutation                5
 e - a book of the Warp

   Spells                             Type                      Level
   a - Recall                         Summoning/Translocation      3
   b - Gell's Gravitas                Hexes/Translocation          3
   c - Force Lance                    Conjuration/Translocation    4
   d - Phase Shift                    Translocation                5
   e - Warp Weapon                    Charms/Translocation         5
   f - Summon Forest                  Summoning/Translocation      5
Comestibles
 c - a bread ration
 d - a beef jerky


   Skills:
 + Level 1.3 Fighting
 - Level 2.0 Dodging
 + Level 3.6 Unarmed Combat
 * Level 2.5 Spellcasting
 * Level 2.4 Transmutations


You had 6 spell levels left.
You knew the following spells:

 Your Spells              Type           Power        Failure   Level  Hunger
a - Beastly Appendage     Trmt           #.....       10%         1    #......


Dungeon Overview and Level Annotations

Branches:
Dungeon (3/15)

Altars:
Makhleb
Nemelex Xobeh
Vehumet


Innate Abilities, Weirdness & Mutations

You cannot wear most types of armour.
You are amphibious.
You can wear up to eight rings at the same time.
You can use your tentacles to constrict eight enemies at once.
Your skin changes colour to match your surroundings (Stealth).
Your rubbery body absorbs attacks (AC +1).
One of your tentacles bears a large vicious spike.
You tend to lose your temper in combat.
You are somewhat resistant to further mutation.


Message History

The kobold shouts!
The kobold throws a stone.
The stone hits you but does no damage.
Found 6 gold pieces.
Found a radiant altar of Vehumet.
You see here a stone.
Casting: Beastly Appendage
Confirm with . or Enter, or press ? or * to list all spells.
One of your tentacles grows a vicious spike.
The kobold shouts!
The kobold throws a stone.
The stone hits you but does no damage.
The kobold zaps a wand.
The puff of flame hits you!
It is a wand of flame.
The kobold hits you.
You tentacle-slap the kobold but do no damage.
You grab the kobold. You constrict the kobold.
You tentacle-slap the kobold but do no damage.
You pierce the kobold, but do no damage.
The kobold is heavily wounded.
You constrict the kobold, but do no damage.
The kobold misses you.
The kobold zaps a wand.
The puff of flame hits you!
Ouch! That really hurt!
You die...

## .# .#
### .#
#######....
.#
#.(......$.
.#
#.#...#....
<#
#.#@.K....#
.#
#.#K#._.#.#
.#####
#.#.......#
.....#
#.#...#....
####.#
#.#........
#.#
#.#####.#..
#.# #.#
.... #.#
#.# ##
##.## #.#


You could see 2 kobolds.

Vanquished Creatures
  An ooze (D:2)
  2 worms (D:2)
  4 hobgoblins (D:1)
  A quokka (D:2)
  A ball python (D:2)
  3 bats
  3 giant cockroaches
  3 giant geckos
  4 giant newts
  A goblin (D:1)
  2 kobolds (D:1)
  12 rats
37 creatures vanquished.

Notes
Turn   | Place    | Note
--------------------------------------------------------------
     0 | D:1      | Parakulo the Octopode Transmuter began the quest for the Orb.
     0 | D:1      | Reached XP level 1. HP: 13/13 MP: 3/3
   174 | D:1      | Reached XP level 2. HP: 12/18 MP: 5/5
   735 | D:1      | Gained mutation: You tend to lose your temper in combat. [potion of mutation]
   735 | D:1      | Gained mutation: You are somewhat resistant to further mutation. [potion of mutation]
   823 | D:2      | Reached XP level 3. HP: 11/23 MP: 4/6
  1185 | D:2      | Found a burning altar of Makhleb.
  1470 | D:2      | Found a sparkling altar of Nemelex Xobeh.
  1694 | D:3      | Found a radiant altar of Vehumet.
  1699 | D:3      | Killed from afar by a kobold

Vault maps used:
D:1:      dpeg_arrival_ratfight
D:2:      lemuel_coloured_pillars_altar, lemuel_altar_in_water2
D:3:      vehumet_altar_wand_db, lemuel_doored_altar, xom_butterflies,
          nicolae_overflow_hidden_temple, first_bread, xom_teletrap_fun,
          uniq_crazy_yiuf_cottage

Action                   || total
-------------------------++-------
Melee: Unarmed           ||    80
Throw: Tomahawk          ||     4
 Cast: Beastly Appendage ||    14
  Use: Potion            ||     6
       Scroll            ||     5
 Stab: Sleeping          ||     4
  Eat: Chunk             ||     3
